 Dungeon Crawl Stone Soup version 0.18.1-50-g88ac8fd (webtiles) character file.

56 Fiskpinne the Conjurer (level 3, -1/19 HPs)
             Began as a Tengu Fire Elementalist on Oct 2, 2016.
             Slain by a gnoll
             ... wielding a +0 flail
              (6 damage)
             ... on level 1 of the Dungeon.
             The game lasted 00:05:12 (1145 turns).

Fiskpinne the Conjurer (Tengu Fire Elementalist)    Turns: 1145, Time: 00:05:13

Health: -1/19      AC:  2    Str:  8    XL:     3   Next: 95%
Magic:  3/17       EV: 12    Int: 16    God:
Gold:   23         SH:  0    Dex: 14    Spells: 3 memorised, 1 level left

rFire  + . .     SeeInvis .     (no weapon)
rCold  x . .     Gourm    .     a - +0 robe
rNeg   . . .     Faith    .     (no shield)
rPois  .         Spirit   .     (helmet restricted)
rElec  .         Dismiss  .     (no cloak)
rCorr  .         Reflect  .     (no gloves)
SustAt .         Harm     .     (boots unavailable)
MR     .....                    (no amulet)
Stlth  ++........               q - ring of magical power
                                o - ring of fire

@: not resistant to hostile enchantments, unstealthy
A: beak, talons 3
a: no special abilities


You were on level 1 of the Dungeon.
You were not hungry.

You visited 1 branch of the dungeon, and saw 2 of its levels.

You collected 23 gold pieces.

Inventory:

Missiles
 p - 30 stones (quivered)
Armour
 a - a +0 robe (worn)
Jewellery
 o - a ring of fire (left hand)
 q - a ring of magical power (right hand)
Scrolls
 e - a scroll of enchant armour {unknown}
 h - a scroll of fear {unknown}
Potions
 d - 2 potions of ambrosia {unknown}
 g - 2 potions of curing {unknown}
 i - a potion of brilliance {unknown}
 k - 2 potions of lignification {unknown}
 l - 2 potions of degeneration {unknown}
 m - a potion of mutation {unknown}
 n - a potion of might {unknown}
Books
 b - a book of Flames

   Spells                             Type                      Level
   a - Flame Tongue                   Conjuration/Fire             1
   b - Throw Flame                    Conjuration/Fire             2
   c - Conjure Flame                  Conjuration/Fire             3
   d - Inner Flame                    Hexes/Fire                   3
   e - Sticky Flame                   Conjuration/Fire             4
   f - Fireball                       Conjuration/Fire             5
Comestibles
 c - a bread ration
 f - a meat ration


   Skills:
 - Level 2.1 Dodging
 - Level 2.0 Stealth
 + Level 2.7 Spellcasting
 * Level 3.6 Conjurations
 + Level 3.5 Fire Magic


You had one spell level left.
You knew the following spells:

 Your Spells              Type           Power        Failure   Level  Hunger
a - Flame Tongue          Conj/Fire      ###..        6%          1    #......
b - Throw Flame           Conj/Fire      ###...       10%         2    ##.....
c - Conjure Flame         Conj/Fire      ###.....     14%         3    ###....


Dungeon Overview and Level Annotations

Branches:
Dungeon (2/15)

Altars:


Innate Abilities, Weirdness & Mutations

You have a beak for a mouth.
You have claws for feet.


Message History

Aim: a gnoll, wielding a flail You feel a surge of power!
The puff of flame hits the gnoll.
The gnoll is heavily wounded.
The gnoll hits you with a flail.
Things that are here:
a club; a gnoll corpse Your magical contamination has completely faded away.
There is a stone staircase leading up here.
The gnoll hits you with a flail.
* * * LOW HITPOINT WARNING * * *
You climb upwards.
There is a stone staircase leading down here.
Casting: Throw Flame
Confirm with . or Enter, or press ? or * to list all spells.
Aiming: Flame Tongue
Press: ? - help, Shift-Dir - straight line, f - gnoll
Aim: a gnoll, wielding a flail (heavily wounded)
You feel a surge of power!
The flame tongue misses the gnoll.
The gnoll hits you with a flail.
You die...

...# #.#.#...#...# ...#
#####'#.#...##### ...#
#...........##### ...######
#.......).......# ..).....#
#..........####.# ....###.#
###...#.#.....#.# ......#.#
##....#.###.#.#
...##.#.######....#.......#
.>..............@g.....>..#
###.#.#.#####.....#..#..#.#
......#.......#'#.#..##.#.#
###############...........#
#.............######....###
.......⌠..........#####)#
................⌠...###.#
..⌠.........⌠........##.#
......................#.#


You could see a gnoll.

Vanquished Creatures
  2 gnolls (D:2)
  4 giant cockroaches (D:1)
  10 goblins (D:1)
  3 hobgoblins
  5 kobolds
  A ball python (D:1)
  A giant newt (D:1)
  6 rats (D:1)
32 creatures vanquished.

Notes
Turn   | Place    | Note
--------------------------------------------------------------
     0 | D:1      | Fiskpinne the Tengu Fire Elementalist began the quest for the Orb.
     0 | D:1      | Reached XP level 1. HP: 10/10 MP: 4/4
   452 | D:1      | Reached XP level 2. HP: 15/15 MP: 4/6
   648 | D:1      | Reached XP level 3. HP: 18/19 MP: 0/7
  1060 | D:2      | Learned a level 2 spell: Throw Flame
  1091 | D:2      | Learned a level 3 spell: Conjure Flame
  1145 | D:1      | Slain by a gnoll

Skill      XL: |  1  2 |
---------------+-------+-----
Conjurations   | 2 3 |  3.6
Dodging        | |  2.1
Stealth        | |  2.0
Spellcasting   | |  2.7
Fire Magic     | |  3.5

Action                   || total
-------------------------++-------
Melee: Unarmed           ||    12
       Kick              ||     4
       Peck              ||     1
 Cast: Flame Tongue      ||    46
       Throw Flame       ||     7
       Conjure Flame     ||     1
  Eat: Chunk             ||     2
Armor: Robe              ||    10
Dodge: Dodged            ||    17
